 Dungeon Sprint DCSS version 0.31-a0-986-g5e6e4ef867 (webtiles) character file.

Game seed: 4757698439776377831

4 fozzywoppz the Ducker (level 1, 0/17 HPs)
             Began as a Demonspawn Gladiator on Nov 10, 2023.
             Slain by a human (5 damage)
             ... in the Dungeon (Sprint III: "The Ten Rune Challenge").
             The game lasted 00:00:22 (79 turns).

fozzywoppz the Ducker (Demonspawn Gladiator)          Turns: 79, Time: 00:00:23

Health: 0/17       AC:  4    Str: 14    XL:     1   Next: 50%
Magic:  1/1        EV: 12    Int:  9    God:
Gold:   0          SH:  0    Dex: 14    Spells: 0/0 levels left

rFire   . .          .
                       - Unarmed
rCold   . . .        (no shield)
rNeg    . . .        a - +0 leather armour
rPois   .            b - +0 helmet
rElec   .            (no cloak)
rCorr   .            (no gloves)
SInv    .            (no boots)
Will    .....        (no amulet)
Stlth   +            (no ring)
HPRegen 0.22/turn    (no ring)
MPRegen 0.07/turn

%: no teleportation
@: no status effects
A: no striking features
a: no special abilities


You were in the Dungeon.
You visited 1 branch

Inventory:

Missiles
 c - 3 throwing nets (quivered)
 d - a javelin
Armour
 a - a +0 leather armour (worn)
 b - a +0 helmet (worn)
Scrolls
 j - a scroll of blinking
Potions
 e - a potion of curing
 f - a potion of heal wounds
 g - 2 potions of haste
 h - 2 potions of magic
 i - a potion of berserk rage


   Skills:
 + Level 2.4 Fighting
 + Level 2.2 Throwing
 + Level 3.0 Dodging
 + Level 3.0 Unarmed Combat


You couldn't memorise any spells.
You didn't know any spells.
Your spell library was empty.

Dungeon Overview and Level Annotations

Branches:
Dungeon (1/1)

Altars:


Message History

A rat comes into view.
A rat comes into view.
Found a robe.
There is an open door here.
You completely miss the rat. The rat barely misses you.
You hit the rat but do no damage. The rat bites you.
You hit the rat.
The rat is heavily wounded.
The rat bites you but does no damage.
You hit the rat.
You kill the rat!
The rat bites you but does no damage.
You hit the rat.
The rat is moderately wounded.
The rat bites you but does no damage.
You closely miss the rat. You punch the rat, but do no damage.
The rat is moderately wounded.
The rat misses you.
You barely miss the rat.
The rat is moderately wounded.
The rat bites you but does no damage.
You hit the rat.
You kill the rat!
You see here a +0 robe.
You open the door.
There is an open door here.
A human comes into view.
The human shouts!
You barely miss the human. The human hits you.
You hit the human.
The human is lightly wounded.
The human hits you!
You hit the human but do no damage.
The human is lightly wounded.
The human hits you.
* * * LOW HITPOINT WARNING * * *
You hit the human.
The human is lightly wounded.
The human hits you.
You die...

▓.....#
▓.....#...~~♣.♣
▓.....#..~~~~.♣♣
▓####'#..~≈≈~~~♣.
▓[....#.~~≈~~~...
▓.....#.~≈~~~....
▓.....#.~~~......
▓'#####..........
▓...@p...........
▓▓▓▓▓▓▓▓▓▓▓▓▓▓▓▓▓


You could see a human.

Vanquished Creatures
  2 endoplasms (D)
  2 rats (D)
4 creatures vanquished.

Notes
Turn   | Place    | Note
-------+----------+-------------------------------------------
     0 | D        | fozzywoppz the Demonspawn Gladiator began the quest for the
                  | Orb.
     0 | D        | Reached XP level 1. HP: 16/16 MP: 1/1
    79 | D        | Slain by a human

Illustrated notes

Levels and vault maps discovered:
D:        dungeon_sprint_mu [sprint_mu_entry_forest, sprint_mu_temple_rooms,
          sprint_mu_d1_spiders, sprint_mu_d2_genie, sprint_mu_d3_branching,
          sprint_mu_orc_legion, sprint_mu_elf_gauntlet, sprint_mu_hive_nellie,
          sprint_mu_lair_fedhas, sprint_mu_vaults_butterflies,
          sprint_mu_slime_circle, sprint_mu_shoals_archi,
          sprint_mu_snake_twists, sprint_mu_blade_basic, sprint_mu_crypt_lich,
          sprint_mu_tomb_spiral, sprint_mu_vestibule_basic,
          sprint_mu_gehenna_hellfire, sprint_mu_dis_giant,
          sprint_mu_tartarus_statrot, sprint_mu_cocytus_islands, sprint_mu_zot1]

Skill      XL: |  1 |
---------------+----+-----
Throwing       | 2 |  2.2
Dodging        | 3 |  3.0
Unarmed Combat | 3 |  3.0
Fighting       | |  2.4

Action                     || total
---------------------------++-------
  Melee: Unarmed           ||    18
         Punch             ||     2
 Armour: Leather armour    ||    10
  Dodge: Dodged            ||     2

Table legend: (Time is in decaauts)
 A = Elapsed time spent in this place.
 B = Non-inter-level travel time spent in this place.
 C = Inter-level travel time spent in this place.
 D = Time resting spent in this place.
 E = Time spent auto-exploring this place.
 F = Levels seen in this place.
 G = Mean time per level.
                   A        B        C        D        E       F      G
               +--------+--------+--------+--------+--------+-----+--------+
         Total |     78 |     78 |      0 |     24 |      0 |   1 |   78.0 |
       Dungeon |     78 |     78 |      0 |     24 |      0 |   1 |   78.0 |
               +--------+--------+--------+--------+--------+-----+--------+

Top non-repeatable levels by time:
       D: 78 daAuts
